AoeStats
← Janzen

Oasis

510200486Analyzed
4v4 RM · 1d ago on Sep 29, 2026· 75m 15s· 8 players
Game mode
Random Map
Map size
Large (8 player)
Population
200
Speed
Normal
Resources
Standard
Victory
Conquest
Starting age
Dark Age
Ending age
Imperial Age
RankedLock teamsTeams togetherTeam positionsShared explorationLock speedFull tech treeHidden civsTurbo modeCheats
Victory
Defeat
🇦🇷 Byzantines · Argentina
1046
+12
🇦🇷 Malay · Argentina
1043
+12
🇦🇷 Varangians · Argentina
982
+14
🇦🇷 Franks · Argentina
974
+15
🇺🇸 Italians · United States
990
-15
🇫🇷 Goths · France
965
-14
🇨🇭 Mongols · Switzerland
931
-12
🇺🇸 Khmer · United States
921
-12
John Wayne
2:26 Loom
12:18 Feudal Age
13:38 Wheelbarrow
12:47 Horse Collar
12:56 Double-Bit Axe
14:07 Stone Mining
20:48 Castle Age
19:07 Gold Mining
21:55 Hand Cart
21:43 Heavy Plow
22:00 Bow Saw
26:44 Silk Road
28:18 Caravan
30:57 Fletching
31:08 Padded Archer Armor
34:45 Imperial Age
34:01 Ballistics
33:52 Fortified Wall
33:46 Bodkin Arrow
34:07 Leather Archer Armor
34:03 Forging
33:58 Scale Barding Armor
33:25 Light Cavalry
34:16 Bloodlines
34:06 Husbandry
35:56 Conscription
34:58 Elite Genoese Crossbowman
35:43 Bracer
36:46 Crop Rotation
37:20 Two-Man Saw
37:43 Chemistry
36:57 Masonry
36:29 Treadmill Crane
37:03 Masonry
36:18 Hussar
37:44 Ring Archer Armor
37:53 Iron Casting
37:39 Chain Barding Armor
39:36 Thumb Ring
40:58 Blast Furnace
40:44 Plate Barding Armor
44:10 Town Watch
46:09 Capped Ram
46:21 Cavalier
Suko
13:20 Feudal Age
14:04 Double-Bit Axe
14:56 Man-at-Arms
21:38 Castle Age
19:57 Scale Mail Armor
20:57 Forging
23:05 Horse Collar
24:01 Heavy Plow
28:49 Bow Saw
31:52 Chain Mail Armor
32:13 Iron Casting
34:26 Imperial Age
32:35 Wheelbarrow
31:48 Loom
33:05 Long Swordsman
33:06 Pikeman
33:46 Squires
33:54 Gold Mining
33:55 Stone Mining
35:28 Conscription
35:09 Perfusion
35:07 Two-Handed Swordsman
36:22 Hand Cart
37:32 Blast Furnace
37:17 Champion
38:44 Caravan
39:54 Anarchy
41:18 Two-Man Saw
43:02 Elite Huskarl
45:28 Halberdier
59:50 Bloodlines
59:01 Light Cavalry
60:57 Crop Rotation
61:48 Hussar
64:20 Husbandry
64:49 Scale Barding Armor
Bako
13:01 Feudal Age
20:07 Castle Age
28:11 Double-Bit Axe
28:39 Horse Collar
32:33 Fletching
32:43 Padded Archer Armor
33:45 Bodkin Arrow
35:11 Bow Saw
36:19 Leather Archer Armor
37:26 Ballistics
38:15 Gold Mining
39:36 Light Cavalry
40:27 Bloodlines
40:30 Forging
40:21 Scale Mail Armor
40:26 Scale Barding Armor
48:58 Imperial Age
71:28 Heavy Plow
72:15 Husbandry
BIZONADE
0:47 Loom
12:36 Feudal Age
15:45 Castle Age
15:02 Double-Bit Axe
19:30 Horse Collar
24:55 Gold Mining
24:59 Stone Mining
30:42 Imperial Age
28:49 Bow Saw
28:47 Heavy Plow
30:21 Gold Shaft Mining
31:27 Wheelbarrow
30:38 Town Watch
32:23 Heavy Scorpion
33:32 Conscription
34:19 Murder Holes
35:25 Chemistry
34:25 Fletching
34:49 Fortified Wall
35:49 Double Crossbow
37:42 Ballistics
38:02 Pikeman
39:21 Siege Engineers
39:27 Masonry
39:15 Bodkin Arrow
39:26 Scale Barding Armor
39:32 Forging
39:23 Padded Archer Armor
39:23 Scale Mail Armor
39:13 Halberdier
43:49 Stone Shaft Mining
48:21 Caravan
48:53 Coinage
58:40 Architecture
58:12 Bracer
58:47 Iron Casting
58:33 Chain Barding Armor
58:28 Leather Archer Armor
58:29 Chain Mail Armor
64:23 Light Cavalry
65:13 Bloodlines
65:04 Husbandry
65:03 Hussar
65:55 Elite Battle Elephant
Janzen
5:05 Loom
11:55 Feudal Age
17:07 Castle Age
15:13 Double-Bit Axe
16:49 Stone Mining
19:32 Wheelbarrow
24:52 Horse Collar
26:24 Bow Saw
28:52 Hand Cart
33:32 Imperial Age
31:27 Gold Mining
32:01 Forging
31:58 Scale Barding Armor
32:43 Ballistics
33:42 Heavy Plow
33:13 Vendel Legacy
34:47 Iron Casting
34:37 Chain Barding Armor
35:41 Coinage
34:36 Elite Jarl
36:29 Conscription
37:13 Blast Furnace
37:11 Caravan
39:35 Plate Barding Armor
41:44 Husbandry
41:59 Bloodlines
43:05 Siege Engineers
44:01 Chemistry
46:33 Treadmill Crane
63:29 Town Watch
65:17 Elite Varangian Guard
66:01 Scale Mail Armor
65:52 Fletching
66:45 Squires
66:31 Gambesons
66:31 Arson
67:04 Chain Mail Armor
67:10 Gothikon
68:46 Plate Mail Armor
68:07 Fletching
68:18 Padded Archer Armor
72:10 Town Patrol
Lutar
7:53 Loom
10:26 Feudal Age
10:34 Man-at-Arms
11:16 Double-Bit Axe
19:06 Wheelbarrow
18:25 Horse Collar
20:31 Gold Mining
22:58 Castle Age
21:32 Stone Mining
28:23 Imperial Age
26:11 Fortified Wall
27:00 Bow Saw
28:04 Fletching
28:51 Bodkin Arrow
30:15 Chemistry
28:43 Elite Skirmisher
32:23 Hand Cart
34:39 Two-Man Saw
34:37 Bracer
34:38 Padded Archer Armor
34:55 Caravan
38:26 Gold Shaft Mining
43:16 Conscription
45:44 Treadmill Crane
46:29 Bombard Tower
47:35 Thumb Ring
47:46 Leather Archer Armor
47:56 Ballistics
48:12 Coinage
47:53 Guilds
62:19 Banking
66:37 Pikeman
67:18 Squires
67:04 Arson
67:22 Scale Mail Armor
67:33 Forging
67:54 Ring Archer Armor
68:00 Halberdier
68:57 Chain Mail Armor
70:55 Iron Casting
70:53 Elite Varangian Guard
pelusinho
11:50 Feudal Age
10:05 Loom
11:47 Double-Bit Axe
17:58 Castle Age
16:06 Horse Collar
18:14 Wheelbarrow
17:53 Bow Saw
17:58 Gold Mining
20:32 Gold Shaft Mining
20:40 Stone Mining
23:39 Hand Cart
26:14 Stone Shaft Mining
27:08 Heavy Plow
33:01 Imperial Age
30:47 Husbandry
31:27 Scale Barding Armor
33:02 Crop Rotation
32:24 Elite Battle Elephant
33:56 Conscription
35:18 Forging
34:55 Town Watch
36:24 Treadmill Crane
37:46 Chemistry
36:21 Elite Karambit Warrior
37:59 Iron Casting
41:50 Man-at-Arms
42:32 Squires
43:22 Forced Levy
43:05 Light Cavalry
45:37 Blast Furnace
44:33 Long Swordsman
44:58 Pikeman
46:00 Halberdier
50:07 Siege Engineers
55:03 Two-Handed Swordsman
Pollo Flojo
4:38 Loom
11:31 Feudal Age
11:59 Double-Bit Axe
17:44 Castle Age
16:22 Double-Bit Axe
16:35 Gold Mining
17:44 Wheelbarrow
19:49 Scale Barding Armor
19:56 Forging
20:12 Bow Saw
20:22 Stone Mining
24:56 Hand Cart
25:57 Gold Shaft Mining
26:49 Iron Casting
28:11 Chain Barding Armor
31:57 Husbandry
34:51 Imperial Age
35:19 Ballistics
36:15 Plate Barding Armor
36:41 Blast Furnace
35:06 Cavalier
36:13 Elite Skirmisher
36:44 Fletching
36:55 Padded Archer Armor
37:57 Chemistry
37:54 Murder Holes
37:27 Paladin
Connection lost

Rejoining the realm…

Still unreachable

The connection could not be restored.

Session expired

The server has moved on; the page needs a fresh start.